Workbook

Sheet Table List
E2: Sheet name | F2: Table no. | G2: Table title
E3: Background data | F3: Table S1 | G3: Energy and land markets in 8-computing-hub regions
F4: Table S2 | G4: 2014-2030 China Data Center Electricity Consumption and Share in Total Social Electricity Consumption (billions kWh)
F5: Table S3 | G5: Wind and solar energy generation and curtailment
F6: Table S4 | G6: Number of projects by quarter in the first year since the launch of Eastern Data and Western Computing
F7: Table S5 | G7: Number of projects in eight hubs in the first year since the project was launched
F8: Table S6 | G8: Current data center distribution in China (before Eastern Data and Western Computing)
F9: Table S7 | G9: National Data Center PUEs in 2019
F10: Table S8 | G10: The development context of eastern and western China in 2020
E11: Economic data | F11: Table S9 | G11: Data center power consumption in the 8 hubs after the implementation of the Eastern Data and Western Computing (the initiative)
F12: Table S10 | G12: Data center power consumption in the 8 hubs in Scenario 1 (S1)
F13: Table S11 | G13: Data center power consumption in the 8 hubs in Scenario 2 (S2)
F14: Table S12 | G14: Economic overhead of data center power consumption in the 8 hubs after the implementation of the Eastern Data and Western Computing (the innitiative)
F15: Table S13 | G15: Economic overhead of data center power consumption in the 8 hubs in Scenario 1 (S1)
F16: Table S14 | G16: Economic overhead of data center power consumption in the 8 hubs in Scenario 2 (S2)
F17: Table S15 | G17: Economic overhead of data center power consumption without the implementation of the Eastern Data and Western Computing by region (BAU)
E18: Environmental data | F18: Table S16 | G18: Power generation in selected regions (hydropower)
F19: Table S17 | G19: Power generation in selected regions (Wind power)
F20: Table S18 | G20: Power generation in selected regions (Solar power)
F21: Table S19 | G21: Power generation in selected regions (Coal power)
F22: Table S20 | G22: Power generation in selected regions (Nuclear power)
F23: Table S21 | G23: Line loss rate of electric power in selected regions
F24: Table S22 | G24: Total power generation in selected regions
F25: Table S23 | G25: Share of hydropower in total power generation in selected regions
F26: Table S24 | G26: Share of wind power in total power generation in selected regions
F27: Table S25 | G27: Share of solar power in total power generation in selected regions
F28: Table S26 | G28: Share of coal power in total power generation in selected regions
F29: Table S27 | G29: Share of nuclear power in total power generation in selected regions
F30: Table S28 | G30: CO2 emission factor of different renewable energy source in China (g/Kwh)
... F40: Table S38 | G40: CO2 emissions of data centers in the 8 hubs in Scenario 2 (S2)

Sheet Background data
A2: Table S1.Energy and land markets in 8-computing-hub regions
A3: Item | B3: Electricity tariff | C3: Curtailment Rate of Solar and Wind energy | D3: Ave. price of floor space on industrial land
A4: Unit | B4: CNY/Kwh | C4: % | D4: CNY/m2
A5: Yangtze River Delta | B5: 0.68225 | C5: =J35 -> 0 | D5: 679
A6: The Greater Bay Area | B6: 0.70996875 | C6: =J36 -> 0 | D6: 577
A7: Beijing-Tianjin-Hebei | B7: 0.633263 | C7: =J37 -> 0.033608564 | D7: 898
A8: Chengdu-Chongqing | B8: 0.64678338 | C8: =J38 -> 0 | D8: 116
A9: Inner Mongolia | B9: 0.386325 | C9: =J39 -> 0.068171854 | D9: 478
A10: Guizhou | B10: 0.777725 | C10: =J40 -> 0.0070440252 | D10: 233
A11: Gansu | B11: 0.449225 | C11: =J41 -> 0.097120145 | D11: 246
A12: Ningxia | B12: 0.354125 | C12: =J42 -> 0.028042063 | D12: 191
A13: Northeast | B13: 0.56375567
A14: Central China | B14: 0.58339969
A15: State Grid Corporation of China, 2022. The latest electricity prices announced by the regional grid. https://m.in-en.com/article/html/energy-2315233.shtml
A16: Liu, J., Wang, Q., Song, Z., & Fang, F. (2021). Bottlenecks and countermeasures of high-penetration renewable energy development in china. Engineering, 7(11), 1611-1622.
A18: Table S2. 2014-2030 China Data Center Electricity Consumption and Share in Total Social Electricity Consumption (billions kWh)
A19: Item | B19: 2014 | C19: 2015 | D19: 2016 | E19: 2017 | F19: 2018 | G19: 2019 | H19: 2020 | I19: 2021 | J19: 2022 | K19: 2023 | L19: 2024 | M19: 2025 | N19: 2026 | O19: 2027 | P19: 2028 | Q19: 2029 | R19: 2030
A20: Power consumption | B20: 82.9 | C20: 100 | D20: 110.8 | E20: 125 | F20: 150 | G20: 176.3 | H20: 203.5 | I20: 237.2 | J20: 273.9 | K20: 312.3 | L20: 352.9 | M20: 395.2 | N20: 441.5238 | O20: 493.4448 | P20: 541.8339 | Q20: 577.562 | R20: 591.5
A21: Share in national consumption | B21: 0.015 | C21: 0.018 | D21: 0.019 | E21: 0.02 | F21: 0.0219 | G21: 0.0242 | H21: 0.0272 | I21: =I20/I23 -> 0.029935132 | J21: =J20/J23 -> 0.032920673 | K21: =K20/K23 -> 0.035748626 | L21: =L20/L23 -> 0.03847244 | M21: =M20/M23 -> 0.04103203 | N21: =N20/N23 -> 0.044427833 | O21: =O20/O23 -> 0.048249223 | P21: =P20/P23 -> 0.051751089 | ... R21: =R20/R23 -> 0.055280374
A22: Areas within the project | B22: =B20*0.95 -> 78.755 | C22: =C20*0.95 -> 95 | D22: =D20*0.95 -> 105.26 | E22: =E20*0.95 -> 118.75 | F22: =F20*0.95 -> 142.5 | G22: =G20*0.95 -> 167.485 | H22: =H20*0.95 -> 193.325 | I22: =I20*0.95 -> 225.34 | ... R22: =R20*0.95 -> 561.925
A23: Total Social Electricity Consumption | B23: 5639.3 | C23: 5693.3 | D23: 5971 | E23: 6362.5 | F23: 6940.4 | G23: 7285.2 | H23: 7511 | I23: 7923.8 | J23: 8320 | K23: 8736 | L23: 9172.8 | M23: 9631.5 | N23: 9938 | O23: 10227 | P23: 10470 | Q23: 10638 | R23: 10700
A24: Energy consumption of cooling system | B24: 47.253 | C24: 57 | D24: 63.156 | E24: 71.25 | F24: 78.075 | G24: 90.699 | H24: 103.755 | I24: 118.4145 | J24: 139.30511 | K24: 155.14389 | L24: 171.31518 | M24: 187.37258 | N24: 204.33375 | O24: 222.77227 | P24: 238.47987 | Q24: 247.66199 | R24: 240.23678
A25: Share of cooling system | B25: =B24/B20 -> 0.57 | C25: =C24/C20 -> 0.57 | D25: =D24/D20 -> 0.57 | E25: =E24/E20 -> 0.57 | F25: =F24/F20 -> 0.5205 | G25: =G24/G20 -> 0.51445831 | H25: =H24/H20 -> 0.50985258 | I25: =I24/I20 -> 0.49921796 | ... R25: =R24/R20 -> 0.4061484
A26: China Data Center Energy Saving Technology Committee
A27: CEC. China Data Center Industry Analysis and Development Strategy Consulting Report. 36 https://www.car.org.cn/ueditor/php/upload/file/20211124/1637742154496728.pdf (2020).
A28: Projections from the China Open Data Center Council
A29: State Grid Corporation of China. China’s energy and power development plan 2030 and outlook 2060. (2021).
A30: Jiang, H., Li, B. & Zhang, W. Driving green and low carbon development in data centres. China Environment News 03 (2022).
A32: Table S3. Wind and solar energy generation and curtailment
A33: Enegy type | B33: Solar energy | E33: Wind energy | H33: Total
B34: Generating capacity (108 kW·h) | C34: Abandoned electricity consumption (× 108 kW·h) | D34: Rate | E34: Generating capacity (108 kW·h) | F34: Abandoned electricity con-sumption (× 108 kW·h) | G34: Rate | H34: Generating capacity | I34: Energy curtailment | J34: Curtailment Rate
A35: Yangtze River Delta | B35: 0 | C35: 0 | D35: 0 | E35: 137 | F35: 0 | G35: =F35/E35 -> 0 | H35: =(B35+E35)/10 -> 13.7 | I35: =(C35+F35)/10 -> 0 | J35: =I35/H35 -> 0
A36: The Greater Bay Area | B36: 0 | C36: 0 | D36: 0 | E36: 35.5 | F36: 0 | G36: =F36/E36 -> 0 | H36: =(B36+E36)/10 -> 3.55 | I36: =(C36+F36)/10 -> 0 | J36: =I36/H36 -> 0
A37: Beijing-Tianjin-Hebei | B37: 88.888889 | C37: 1.6 | D37: =C37/B37 -> 0.018 | E37: 178.9 | F37: 7.4 | G37: =F37/E37 -> 0.04136389 | H37: =(B37+E37)/10 -> 26.778889 | I37: =(C37+F37)/10 -> 0.9 | J37: =I37/H37 -> 0.033608564
A38: Chengdu-Chongqing | B38: 0 | C38: 0 | D38: 0 | E38: 49.6 | F38: 0 | G38: =F38/E38 -> 0 | H38: =(B38+E38)/10 -> 4.96 | I38: =(C38+F38)/10 -> 0 | J38: =I38/H38 -> 0
A39: Inner Mongolia | B39: 100 | C39: 0.6 | D39: =C39/B39 -> 0.006 | E39: 356.2 | F39: 30.5 | G39: =F39/E39 -> 0.085626053 | H39: =(B39+E39)/10 -> 45.62 | I39: =(C39+F39)/10 -> 3.11 | J39: =I39/H39 -> 0.068171854
A40: Guizhou | B40: 14.285714 | C40: 0.1 | D40: =C40/B40 -> 0.007 | E40: 42.5 | F40: 0.3 | G40: =F40/E40 -> 0.0070588235 | H40: =(B40+E40)/10 -> 5.6785714 | I40: =(C40+F40)/10 -> 0.04 | J40: =I40/H40 -> 0.0070440252
A41: Gansu | B41: 62.318841 | C41: 4.3 | D41: =C41/B41 -> 0.069 | E41: 118.9 | F41: 13.3 | G41: =F41/E41 -> 0.1118587 | H41: =(B41+E41)/10 -> 18.121884 | I41: =(C41+F41)/10 -> 1.76 | J41: =I41/H41 -> 0.097120145
A42: Ningxia | B42: 59.375 | C42: 1.9 | D42: =C42/B42 -> 0.032 | E42: 90.4 | F42: 2.3 | G42: =F42/E42 -> 0.025442478 | H42: =(B42+E42)/10 -> 14.9775 | I42: =(C42+F42)/10 -> 0.42 | J42: =I42/H42 -> 0.028042063
A43: Liu, J., Wang, Q., Song, Z. & Fang, F. Bottlenecks and Countermeasures of High-Penetration Renewable Energy Development in China. Engineering 7, 1611–1622 (2021).
A46: Table S4. Number of projects by quarter in the first year since the launch of Eastern Data and Western Computing
A47: Projects | B47: Q1 | C47: Q2 | D47: Q3 | E47: Q4
A48: Project Signing | B48: 7 | C48: 1 | D48: 7 | E48: 5
A49: Construction Start | B49: 16 | C49: 11 | D49: 10 | E49: 14
A50: Main structure completed | B50: 7 | C50: 6 | D50: 10 | E50: 18
A51: Commissioning or trial operation | B51: 11 | C51: 9 | D51: 6 | E51: 23
A52: Total | B52: =B51+B50+B49+B48 -> 41 | C52: =C51+C50+C49+C48 -> 27 | D52: =D51+D50+D49+D48 -> 33 | E52: =E51+E50+E49+E48 -> 60
A53: Guo, M. & Li, R. The first anniversary of the ‘Eastern Data and Western Computing’ project. 21st Century Business Herald (2023).
A55: Table S5. Number of projects in eight hubs in the first year since the project was launched
A56: Projects | B56: Yangtze River Delta | C56: The Greater Bay Area | D56: Beijing-Tianjin-Hebei | E56: Chengdu-Chongqing | F56: Inner Mongolia | G56: Guizhou | H56: Gansu | I56: Ningxia | J56: Total
A57: Project Signing | B57: 4 | C57: 2 | D57: 0 | E57: 2 | F57: 2 | G57: 5 | H57: 0 | I57: 0 | J57: =SUM(B57:I57) -> 15
A58: Construction Start | B58: 9 | C58: 8 | D58: 1 | E58: 0 | F58: 6 | G58: 3 | H58: 4 | I58: 3 | J58: =SUM(B58:I58) -> 34
A59: Main structure completed | B59: 11 | C59: 5 | D59: 7 | E59: 2 | F59: 2 | G59: 1 | H59: 1 | I59: 1 | J59: =SUM(B59:I59) -> 30
A60: Commissioning or trial operation | B60: 15 | C60: 4 | D60: 4 | E60: 7 | F60: 0 | G60: 0 | H60: 2 | I60: 1 | J60: =SUM(B60:I60) -> 33
A61: Total | B61: =B60+B59+B58+B57 -> 39 | C61: =C60+C59+C58+C57 -> 19 | D61: =D60+D59+D58+D57 -> 12 | E61: =E60+E59+E58+E57 -> 11 | F61: =F60+F59+F58+F57 -> 10 | G61: =G60+G59+G58+G57 -> 9 | H61: =H60+H59+H58+H57 -> 7 | I61: =I60+I59+I58+I57 -> 5 | J61: =SUM(J57:J60) -> 112
A62: Guo, M. & Li, R. The first anniversary of the ‘Eastern Data and Western Computing’ project. 21st Century Business Herald (2023).
A64: Table S6. Current data center distribution in China (before Eastern Data and Western Computing)
A65: Region | B65: Subregion | C65: Share
A66: West | C66: 0.187
A67: Center | C67: 0.122
A68: Northeast | C68: 0.038
A69: East | B69: Beijing | C69: 0.265
A70: East | B70: Shanghai | C70: 0.253
A71: East | B71: GBA | C71: 0.135
A72: State Grid Corporation of China, White Paper on Energy Digital Transformation (2021)
A74: Table S7. National Data Center PUEs in 2019
A75: Ultra-large-scale (in-use) | B75: 1.46
A76: Ultra-large-scale (under construction) | B76: 1.36
A77: Large-scale (in-use) | B77: 1.55
A78: Large-scale (under construction) | B78: 1.39
A79: China Ministry of Industry and Information Technology, National Data Center Application Development Guidelines (2020)
A83: Table S8. The development context of eastern and western China in 2020
A84: East | B84: Population | C84: Land area (km2) | D84: Power generation (100 million Kwh) | E84: Renewable power generation (100 million Kwh)
A85: Beijing | B85: 21893095 | C85: 16406 | D85: 456 | E85: 21
A86: Tianjin | B86: 13866009 | C86: 11917 | D86: 699 | E86: 31.1
A87: Hebei | B87: 74610235 | C87: 188545 | D87: 2945 | E87: 594
A88: Shanghai | B88: 24870895 | C88: 8359 | D88: 864 | E88: 29
A89: Jiangsu | B89: 84748016 | C89: 106600 | D89: 5074 | E89: 428
A90: Zhejiang | B90: 64567588 | C90: 105506 | D90: 3521 | E90: 376
A91: Anhui | B91: 61027171 | C91: 140140 | D91: 2785 | E91: 253
A92: Fujian | B92: 41540086 | C92: 123951 | D92: 2636 | E92: 433
A93: Jiangxi | B93: 45188635 | C93: 166936 | D93: 1477 | E93: 278
A94: Shandong | B94: 101527453 | C94: 157901 | D94: 5781 | E94: 474
A95: Guangdong | B95: 126012510 | C95: 179656 | D95: 5048 | E95: 463
A96: Hainan | B96: 10081232 | C96: 35177 | D96: 348 | E96: 38
A97: West
A98: Inner Mongolia | B98: 24049155 | C98: 1145499 | D98: 5703 | E98: 971
A99: Guangxi | B99: 50126804 | C99: 237606 | D99: 1939 | E99: 738
A100: Chongqing | B100: 32054159 | C100: 82374 | D100: 837 | E100: 299
A101: Sichuan | B101: 83674866 | C101: 486116 | D101: 4167 | E101: 3654
A102: Guizhou | B102: 38562148 | C102: 176099 | D102: 2327 | E102: 973
A103: Yunnan | B103: 47209277 | C103: 383186 | D103: 3674 | E103: 3260
A104: Tibet | B104: 3648100 | C104: 1202189 | D104: 87 | E104: 84.2
A105: Shaanxi | B105: 39528999 | C105: 205624 | D105: 2426 | E105: 342
A106: Gansu | B106: 25019831 | C106: 425889 | D106: 1787 | E106: 886
A107: Qinghai | B107: 5923957 | C107: 696647 | D107: 948 | E107: 848
A108: Ningxia | B108: 7202654 | C108: 51893 | D108: 1768 | E108: 352
A109: Xinjiang | B109: 25852345 | C109: 1631585 | D109: 4052 | E109: 859
A110: China Statistical Yearbook 2021; China Energy Statistical Yearbook 2021; The third national land survey of China
W279: g CO2-eq./kWh
...

Sheet Economic data
A2: Table S9. Data center power consumption in the 8 hubs after the implementation of the Eastern Data and Western Computing (the initiative)
A3: Billion Kwh | B3: 2022 | C3: 2023 | D3: 2024 | E3: 2025 | F3: 2026 | G3: 2027 | H3: 2028 | I3: 2029 | J3: 2030
A4: YRD | B4: 118.275 | C4: 116.05178 | D4: 120.04838 | E4: 113.30243 | F4: 102.89081 | G4: 93.952771 | H4: 80.065634 | I4: 60.721362 | J4: 36.96875
A5: GBA | B5: 31.54 | C5: 38.034617 | D5: 48.030641 | E5: 55.198619 | F5: 52.956575 | G5: 52.098078 | H5: 49.426217 | I5: 44.391484 | J5: 36.96875
A6: BTH | B6: 31.54 | C6: 32.265742 | D6: 34.992946 | E6: 34.862286 | F6: 35.479591 | G6: 37.448936 | H6: 38.702421 | I6: 38.676027 | J6: 36.96875
A7: CC | B7: 55.195 | C7: 48.223799 | D7: 42.612378 | E7: 31.957095 | F7: 32.982879 | G7: 35.356201 | H7: 37.170451 | I7: 37.859533 | J7: 36.96875
A8: IM | B8: 0 | C8: 8.24125 | D8: 18.625278 | E8: 29.051905 | F8: 36.925056 | G8: 47.655606 | H8: 59.343713 | I8: 70.734156 | J8: 80.098958
A9: GZ | B9: 0 | C9: 7.417125 | D9: 16.76275 | E9: 26.146714 | F9: 34.428344 | G9: 45.562872 | H9: 57.811742 | I9: 69.917662 | J9: 80.098958
A10: GS | B10: 15.77 | C10: 16.956996 | D10: 19.359001 | E10: 20.336333 | F10: 29.43492 | G10: 41.377402 | H10: 54.7478 | I10: 68.284674 | J10: 80.098958
A11: NX | B11: 7.885 | C11: 9.7146856 | D11: 12.473292 | E11: 14.525952 | F11: 24.441496 | G11: 37.191933 | H11: 51.683859 | I11: 66.651686 | J11: 80.098958
A14: Table S10. Data center power consumption in the 8 hubs in Scenario 1 (S1)
A15: Billion Kwh | B15: 2022 | C15: 2023 | D15: 2024 | E15: 2025 | F15: 2026 | G15: 2027 | H15: 2028 | I15: 2029 | J15: 2030
A16: Yangtze River Delta | B16: 118.275 | C16: 124.3412 | D16: 128.62327 | E16: 130.73357 | F16: 123.46898 | G16: 112.74333 | H16: 96.078761 | I16: 72.865634 | J16: 44.3625
A17: The Greater Bay Area | B17: 31.54 | C17: 40.751376 | D17: 51.461401 | E17: 63.690714 | F17: 63.54789 | G17: 62.517694 | H17: 59.311461 | I17: 53.269781 | J17: 44.3625
A18: Beijing-Tianjin-Hebei | B18: 31.54 | C18: 34.570438 | D18: 37.492442 | E18: 40.225714 | F18: 42.575509 | G18: 44.938723 | H18: 46.442906 | I18: 46.411232 | J18: 44.3625
A19: Chengdu-Chongqing | B19: 55.195 | C19: 51.668356 | D19: 45.656119 | E19: 36.873571 | F19: 39.579455 | G19: 42.427441 | H19: 44.604541 | I19: 45.431439 | J19: 44.3625
A20: Inner Mongolia | B20: 0 | C20: 8.8299107 | D20: 19.955655 | E20: 33.521429 | F20: 44.310067 | G20: 57.186728 | H20: 71.212455 | I20: 84.880987 | J20: 96.11875
A21: Guizhou | B21: 0 | C21: 7.9469196 | D21: 17.960089 | E21: 30.169286 | F21: 41.314013 | G21: 54.675446 | H21: 69.37409 | I21: 83.901194 | J21: 96.11875
A22: Gansu | B22: 15.77 | C22: 18.16821 | D22: 20.741787 | E22: 23.465 | F22: 35.321904 | G22: 49.652883 | H22: 65.69736 | I22: 81.941609 | J22: 96.11875
A23: Ningxia | B23: 7.885 | C23: 10.408592 | D23: 13.364242 | E23: 16.760714 | F23: 29.329795 | G23: 44.63032 | H23: 62.02063 | I23: 79.982023 | J23: 96.11875
A26: Table S11. Data center power consumption in the 8 hubs in Scenario 2 (S2)
A27: Billion Kwh | B27: 2022 | C27: 2023 | D27: 2024 | E27: 2025 | F27: 2026 | G27: 2027 | H27: 2028 | I27: 2029 | J27: 2030
A28: Yangtze River Delta | B28: 110.39 | C28: 91.197909 | D28: 59.315717 | E28: 24.7 | F28: 26.491428 | G28: 29.606688 | H28: 32.510034 | I28: 34.65372 | J28: 35.49
A29: The Greater Bay Area | B29: 29.437333 | C29: 29.663242 | D29: 27.031902 | E29: 24.7 | F29: 26.491428 | G29: 29.606688 | H29: 32.510034 | I29: 34.65372 | J29: 35.49
A30: Beijing-Tianjin-Hebei | B30: 29.437333 | C30: 29.663242 | D30: 27.031902 | E30: 24.7 | F30: 26.491428 | G30: 29.606688 | H30: 32.510034 | I30: 34.65372 | J30: 35.49
A31: Chengdu-Chongqing | B31: 51.515333 | C31: 46.445424 | D31: 35.836579 | E31: 24.7 | F31: 26.491428 | G31: 29.606688 | H31: 32.510034 | I31: 34.65372 | J31: 35.49
A32: Inner Mongolia | B32: 0 | C32: 15.7885 | D32: 33.133389 | E32: 53.516667 | F32: 57.398094 | G32: 64.147824 | H32: 70.438407 | I32: 75.08306 | J32: 76.895
A33: Guizhou | B33: 0 | C33: 15.7885 | D33: 33.133389 | E33: 53.516667 | F33: 57.398094 | G33: 64.147824 | H33: 70.438407 | I33: 75.08306 | J33: 76.895
A34: Gansu | B34: 14.718667 | C34: 26.976621 | D34: 39.003173 | E34: 53.516667 | F34: 57.398094 | G34: 64.147824 | H34: 70.438407 | I34: 75.08306 | J34: 76.895
A35: Ningxia | B35: 7.3593333 | C35: 21.382561 | D35: 36.068281 | E35: 53.516667 | F35: 57.398094 | G35: 64.147824 | H35: 70.438407 | I35: 75.08306 | J35: 76.895
A38: Table S12. Economic overhead of data center power consumption in the 8 hubs after the implementation of the Eastern Data and Western Computing (the innitiative)
A39: Billion USD | B39: 2014 | C39: 2015 | D39: 2016 | E39: 2017 | F39: 2018 | G39: 2019 | H39: 2020 | I39: 2021 | J39: 2022 | K39: 2023 | L39: 2024 | M39: 2025 | N39: 2026 | O39: 2027 | P39: 2028 | Q39: 2029 | R39: 2030
A40: YRD | J40: 11.978315 | K40: 11.753159 | L40: 12.157915 | M40: 11.474717 | N40: 10.42028 | O40: 9.5150785 | P40: 8.108657 | Q40: 6.1495635 | R40: 3.7440147
A41: GBA | J41: 3.3239935 | K41: 4.0084597 | L41: 5.0619383 | M41: 5.81737 | N41: 5.5810814 | O41: 5.4906047 | P41: 5.2090179 | Q41: 4.6784085 | R41: 3.8961282
A42: BTH | J42: 2.9648658 | K42: 3.033088 | L42: 3.2894543 | M42: 3.2771718 | N42: 3.3352006 | O42: 3.5203256 | P42: 3.6381575 | Q42: 3.6356763 | R42: 3.4751865
A43: CC | J43: 5.2992917 | K43: 4.6299842 | L43: 4.0912296 | M43: 3.0682121 | N43: 3.166698 | O43: 3.3945615 | P43: 3.5687483 | Q43: 3.6349073 | R43: 3.5493829
A44: IM | J44: 0 | K44: 0.47261243 | L44: 1.0681071 | M44: 1.6660448 | N44: 2.1175478 | O44: 2.7329145 | P44: 3.4031945 | Q44: 4.0564042 | R44: 4.5934492
A45: GZ | J45: 0 | K45: 0.85629005 | L45: 1.935221 | M45: 3.0185781 | N45: 3.9746732 | O45: 5.2601289 | P45: 6.6742329 | Q45: 8.0718335 | R45: 9.2472408
A46: GS | J46: 1.0516103 | K46: 1.1307643 | L46: 1.2909401 | M46: 1.3561128 | N46: 1.962845 | O46: 2.7592203 | P46: 3.650815 | Q46: 4.5535111 | R46: 5.3413376
A47: NX | J47: 0.41449331 | K47: 0.51067498 | L47: 0.65568752 | M47: 0.76359037 | N47: 1.2848239 | O47: 1.9550802 | P47: 2.7168819 | Q47: 3.5037004 | R47: 4.2105875
A48: Total | I48: 21.432272 | J48: 25.03257 | K48: 26.395033 | L48: 29.550493 | M48: 30.441797 | N48: 31.84315 | O48: 34.627914 | P48: 36.969705 | Q48: 38.284005 | R48: 38.057327
A50: Table S13. Economic overhead of data center power consumption in the 8 hubs in Scenario 1 (S1)
A51: Billion USD | B51: 2014 | C51: 2015 | D51: 2016 | E51: 2017 | F51: 2018 | G51: 2019 | H51: 2020 | I51: 2021 | J51: 2022 | K51: 2023 | L51: 2024 | M51: 2025 | N51: 2026 | O51: 2027 | P51: 2028 | Q51: 2029 | R51: 2030
A52: Yangtze River Delta | J52: 11.978315 | K52: 12.59267 | L52: 13.026337 | M52: 13.240059 | N52: 12.504336 | O52: 11.418094 | P52: 9.7303884 | Q52: 7.3794762 | R52: 4.4928177
A53: The Greater Bay Area | J53: 3.3239935 | K53: 4.2947783 | L53: 5.4235054 | M53: 6.71235 | N53: 6.6972977 | O53: 6.5887256 | P53: 6.2508214 | Q53: 5.6140902 | R53: 4.6753538
A54: Beijing-Tianjin-Hebei | J54: 2.9648658 | K54: 3.2497372 | L54: 3.5244154 | M54: 3.7813521 | N54: 4.0022407 | O54: 4.2243907 | P54: 4.3657889 | Q54: 4.3628115 | R54: 4.1702238
A55: Chengdu-Chongqing | J55: 5.2992917 | K55: 4.9606974 | L55: 4.3834603 | M55: 3.5402448 | N55: 3.8000376 | O55: 4.0734738 | P55: 4.2824979 | Q55: 4.3618887 | R55: 4.2592595
A56: Inner Mongolia | J56: 0 | K56: 0.50637046 | L56: 1.1444005 | M56: 1.9223593 | N56: 2.5410573 | O56: 3.2794975 | P56: 4.0838334 | Q56: 4.8676851 | R56: 5.5121391
A57: Guizhou | J57: 0 | K57: 0.91745362 | L57: 2.0734511 | M57: 3.4829748 | N57: 4.7696079 | O57: 6.3121547 | P57: 8.0090794 | Q57: 9.6862002 | R57: 11.096689
A58: Gansu | J58: 1.0516103 | K58: 1.2115332 | L58: 1.3831501 | M58: 1.5647455 | N58: 2.3554141 | O58: 3.3110644 | P58: 4.380978 | Q58: 5.4642133 | R58: 6.4096051
A59: Ningxia | J59: 0.41449331 | K59: 0.54715176 | L59: 0.70252234 | M59: 0.88106581 | N59: 1.5417887 | O59: 2.3460963 | P59: 3.2602582 | Q59: 4.2044405 | R59: 5.052705
A60: Total | I60: 21.432272 | J60: 25.03257 | K60: 28.280392 | L60: 31.661242 | M60: 35.125151 | N60: 38.21178 | O60: 41.553497 | P60: 44.363646 | Q60: 45.940806 | R60: 45.668793
A63: Table S14. Economic overhead of data center power consumption in the 8 hubs in Scenario 2 (S2)
A64: Billion USD | B64: 2014 | C64: 2015 | D64: 2016 | E64: 2017 | F64: 2018 | G64: 2019 | H64: 2020 | I64: 2021 | J64: 2022 | K64: 2023 | L64: 2024 | M64: 2025 | N64: 2026 | O64: 2027 | P64: 2028 | Q64: 2029 | R64: 2030
A65: Yangtze River Delta | J65: 11.179761 | K65: 9.2360795 | L65: 6.0072066 | M65: 2.5014956 | N65: 2.6829227 | O65: 2.998421 | P65: 3.2924577 | Q65: 3.5095598 | R65: 3.5942541
A66: The Greater Bay Area | J66: 3.1023939 | K66: 3.1262024 | L66: 2.8488861 | M66: 2.6031274 | N66: 2.7919256 | O66: 3.1202422 | P66: 3.4262251 | Q66: 3.6521477 | R66: 3.7402831
A67: Beijing-Tianjin-Hebei | J67: 2.7672081 | K67: 2.7884443 | L67: 2.5410895 | M67: 2.3218829 | N67: 2.4902831 | O67: 2.783128 | P67: 3.0560523 | Q67: 3.2575659 | R67: 3.3361791
A68: Chengdu-Chongqing | J68: 4.9460056 | K68: 4.4592418 | L68: 3.4406828 | M68: 2.3714558 | N68: 2.5434515 | O68: 2.8425487 | P68: 3.1213 | Q68: 3.327116 | R68: 3.4074076
A69: Inner Mongolia | J69: 0 | K69: 0.90542592 | L69: 1.9001064 | M69: 3.0690298 | N69: 3.2916187 | O69: 3.6786967 | P69: 4.0394439 | Q69: 4.3058016 | R69: 4.4097113
A70: Guizhou | J70: 0 | K70: 1.8227461 | L70: 3.8251737 | M70: 6.1783763 | N70: 6.6264781 | O70: 7.405719 | P70: 8.1319523 | Q70: 8.6681669 | R70: 8.8773512
A71: Gansu | J71: 0.98150299 | K71: 1.7989153 | L71: 2.6008967 | M71: 3.5687178 | N71: 3.8275478 | O71: 4.2776484 | P71: 4.6971311 | Q71: 5.0068562 | R71: 5.1276841
A72: Ningxia | J72: 0.38686042 | K72: 1.1240239 | L72: 1.8960128 | M72: 2.8132277 | N72: 3.0172639 | O72: 3.3720791 | P72: 3.7027582 | Q72: 3.9469152 | R72: 4.042164
A73: Total | I73: 21.432272 | J73: 23.363732 | K73: 25.261079 | L73: 25.060054 | M73: 25.427313 | N73: 27.271491 | O73: 30.478483 | P73: 33.467321 | Q73: 35.674129 | R73: 36.535034
A76: Table S15. Economic overhead of data center power consumption without the implementation of the Eastern Data and Western Computing by region (BAU)
A77: Billion USD | B77: 2014 | C77: 2015 | D77: 2016 | E77: 2017 | F77: 2018 | G77: 2019 | H77: 2020 | I77: 2021 | J77: 2022 | K77: 2023 | L77: 2024 | M77: 2025 | N77: 2026 | O77: 2027 | P77: 2028 | Q77: 2029 | R77: 2030
A78: Shanghai and surroundings | B78: 2.2678499 | C78: 2.6833718 | D78: 2.8077511 | E78: 3.1160457 | F78: 3.8125735 | G78: 4.3000285 | H78: 4.9684094 | I78: 6.1944143 | J78: 6.8515963 | K78: 7.8121706 | L78: 8.8277778 | M78: 9.8859105 | N78: 11.044698 | O78: 12.3435 | P78: 13.553951 | Q78: 14.447688 | R78: 14.796346
A79: Beijing and surroundings | B79: 1.7002032 | C79: 2.0117192 | D79: 2.1049662 | E79: 2.3360941 | F79: 2.8582798 | G79: 3.223724 | H79: 3.724808 | I79: 4.6439418 | J79: 5.13663 | K79: 5.8567709 | L79: 6.6181699 | M79: 7.4114501 | N79: 8.2801913 | O79: 9.2539006 | P79: 10.161374 | Q79: 10.831407 | R79: 11.092795
A80: GBA | B80: 1.452301 | C80: 1.7183957 | D80: 1.7980466 | E80: 1.9954743 | F80: 2.4415215 | G80: 2.7536812 | H80: 3.1817034 | I80: 3.9668207 | J80: 4.3876714 | K80: 5.0028104 | L80: 5.6531918 | M80: 6.3308059 | N80: 7.0728782 | O80: 7.9046134 | P80: 8.6797703 | Q80: 9.2521075 | R80: 9.4753838
A81: Central China | B81: 1.1188062 | C81: 1.3237971 | D81: 1.3851575 | E81: 1.5372495 | F81: 1.88087 | G81: 2.1213479 | H81: 2.4510825 | I81: 3.0559117 | J81: 3.3801216 | K81: 3.8540051 | L81: 4.3550381 | M81: 4.8770503 | N81: 5.448719 | O81: 6.0894613 | P81: 6.6866173 | Q81: 7.1275276 | R81: 7.2995325
A82: Western China | B82: 1.0912266 | C82: 1.2911642 | D82: 1.3510121 | E82: 1.4993549 | F82: 1.8345048 | G82: 2.0690546 | H82: 2.390661 | I82: 2.9805806 | J82: 3.2967984 | K82: 3.7590002 | L82: 4.2476822 | M82: 4.7568264 | N82: 5.314403 | O82: 5.9393503 | P82: 6.5217859 | Q82: 6.9518273 | R82: 7.1195921
A83: Northeast | B83: 0.21622684 | C83: 0.25584453 | D83: 0.26770341 | E83: 0.29709757 | F83: 0.36350761 | G83: 0.40998372 | H83: 0.47371011 | I83: 0.59060284 | J83: 0.65326148 | K83: 0.74484688 | L83: 0.84167936 | M83: 0.9425664 | N83: 1.0530504 | O83: 1.1768838 | P83: 1.2922936 | Q83: 1.3775064 | R83: 1.4107491
A84: Total | B84: 7.8466138 | C84: 9.2842926 | D84: 9.714637 | E84: 10.781316 | F84: 13.191257 | G84: 14.87782 | H84: 17.190374 | I84: 21.432272 | J84: 23.706079 | K84: 27.029604 | L84: 30.543539 | M84: 34.204609 | N84: 38.21394 | O84: 42.707709 | P84: 46.895792 | Q84: 49.988063 | R84: 51.194399

Sheet Environmental data
A1: Table S16. Power generation in selected regions (hydropower)
A2: Unit: 100 million Kwh
A3: Region | B3: 2010 | C3: 2011 | D3: 2012 | E3: 2013 | F3: 2014 | G3: 2015 | H3: 2016 | I3: 2017 | J3: 2018 | K3: 2019 | L3: 2020 | M3: 2021 | N3: 2022 | O3: 2023 | P3: 2024 | Q3: 2025
A4: National | B4: 6867 | C4: 6681 | D4: 8556 | E4: 8921 | F4: 10601 | G4: 11127 | H4: 11748 | I4: 11931 | J4: 12321 | K4: 13021 | L4: 13553 | M4: 14698.018 | N4: 15400.309 | O4: 16102.6 | P4: 16804.891 | Q4: 17507.182
A5: Beijing | B5: 4.3 | C5: 4.5 | D5: 5 | E5: 7 | F5: 7 | G5: 7 | H5: 12 | I5: 11 | J5: 10 | K5: 10 | L5: 11 | M5: 12.627273 | N5: 13.386364 | O5: 14.145455 | P5: 14.904545 | Q5: 15.663636
A6: Tianjin | B6: 0.12 | C6: 0.14 | D6: 0.2 | E6: 0.2 | F6: 0.2 | G6: 0.2 | I6: 0.1 | J6: 0.2 | K6: 0.1 | L6: 0.1 | M6: 0.1277686 | N6: 0.1231405 | O6: 0.1185124 | P6: 0.1138843 | Q6: 0.1092562
A7: Hebei | B7: 8 | C7: 9 | D7: 10 | E7: 12 | F7: 13 | G7: 11 | H7: 24 | I7: 20 | J7: 17 | K7: 16 | L7: 15 | M7: 20.145455 | N7: 21.154545 | O7: 22.163636 | P7: 23.172727 | Q7: 24.181818
A8: Inner Mongolia | B8: 20 | C8: 18 | D8: 29 | E8: 36 | F8: 35 | G8: 36 | H8: 27 | I8: 24 | J8: 45 | K8: 58 | L8: 57 | M8: 54.690909 | N8: 57.972727 | O8: 61.254545 | P8: 64.536364 | Q8: 67.818182
A9: Shanghai
A10: Jiangsu | B10: 14 | C10: 13 | D10: 12 | E10: 12 | F10: 12 | G10: 12 | H10: 17 | I10: 29 | J10: 34 | K10: 31 | L10: 32 | M10: 34.381818 | N10: 36.809091 | O10: 39.236364 | P10: 41.663636 | Q10: 44.090909
A11: Zhejiang | B11: 224 | C11: 156 | D11: 220 | E11: 191 | F11: 203 | G11: 229 | H11: 274 | I11: 212 | J11: 192 | K11: 257 | L11: 209 | M11: 234.70909 | N11: 237.96364 | O11: 241.21818 | P11: 244.47273 | Q11: 247.72727
A12: Anhui | B12: 37 | C12: 28 | D12: 36 | E12: 36 | F12: 41 | G12: 49 | H12: 63 | I12: 57 | J12: 53 | K12: 51 | L12: 66 | M12: 66.2 | N12: 69.4 | O12: 72.6 | P12: 75.8 | Q12: 79
A13: Guangdong | B13: 268 | C13: 209 | D13: 298 | E13: 318 | F13: 289 | G13: 284 | H13: 423 | I13: 301 | J13: 292 | K13: 397 | L13: 286 | M13: 356.30909 | N13: 364.70909 | O13: 373.10909 | P13: 381.50909 | Q13: 389.90909
A14: Chongqing | B14: 143 | C14: 146 | D14: 210 | E14: 178 | F14: 241 | G14: 229 | H14: 247 | I14: 253 | J14: 242 | K14: 243 | L14: 281 | M14: 291.90909 | N14: 304 | O14: 316.09091 | P14: 328.18182 | Q14: 340.27273
A15: Sichuan | B15: 1139 | C15: 1261 | D15: 1545 | E15: 2023 | F15: 2578 | G15: 2767 | H15: 2989 | I15: 3164 | J15: 3249 | K15: 3316 | L15: 3541 | M15: 4035.7273 | N15: 4290.5909 | O15: 4545.4545 | P15: 4800.3182 | Q15: 5055.1818
A16: Guizhou | B16: 384 | C16: 393 | D16: 560 | E16: 422 | F16: 733 | G16: 827 | H16: 727 | I16: 733 | J16: 770 | K16: 769 | L16: 831 | M16: 921.81818 | N16: 967.13636 | O16: 1012.4545 | P16: 1057.7727 | Q16: 1103.0909
A17: Gansu | B17: 263 | C17: 282 | D17: 344 | E17: 356 | F17: 355 | G17: 336 | H17: 314 | I17: 374 | J17: 444 | K17: 496 | L17: 507 | M17: 499.41818 | N17: 520.97273 | O17: 542.52727 | P17: 564.08182 | Q17: 585.63636
A18: Ningxia | B18: 18 | C18: 17 | D18: 19 | E18: 19 | F18: 18 | G18: 16 | H18: 14 | I18: 16 | J18: 20 | K18: 22 | L18: 22 | M18: 20.072727 | N18: 20.372727 | O18: 20.672727 | P18: 20.972727 | Q18: 21.272727
A19: Liaoning | B19: 57 | C19: 41 | D19: 64 | E19: 79 | F19: 42 | G19: 32 | H19: 56 | I19: 45 | J19: 46 | K19: 44 | L19: 57 | M19: 45.945455 | N19: 45.072727 | O19: 44.2 | P19: 43.327273 | Q19: 42.454545
A20: Jilin | B20: 103 | C20: 74 | D20: 79 | E20: 125 | F20: 70 | G20: 53 | H20: 85 | I20: 77 | J20: 79 | K20: 67 | L20: 94 | M20: 73.963636 | N20: 72.563636 | O20: 71.163636 | P20: 69.763636 | Q20: 68.363636
A21: Heilongjiang | B21: 22 | C21: 16 | D21: 18 | E21: 29 | F21: 21 | G21: 19 | H21: 23 | I21: 25 | J21: 26 | K21: 28 | L21: 32 | M21: 29.872727 | N21: 30.927273 | O21: 31.981818 | P21: 33.036364 | Q21: 34.090909
A22: China Energy Statistical Yearbook
A25: Table S17. Power generation in selected regions (Wind power)
A26: Unit: 100 million Kwh
A27: Region | B27: 2010 | C27: 2011 | D27: 2012 | E27: 2013 | F27: 2014 | G27: 2015 | H27: 2016 | I27: 2017 | J27: 2018 | K27: 2019 | L27: 2020 | M27: 2021 | N27: 2022 | O27: 2023 | P27: 2024 | Q27: 2025
A28: National | B28: 494 | C28: 741 | D28: 1030 | E28: 1383 | F28: 1598 | G28: 1856 | H28: 2409 | I28: 3046 | J28: 3658 | K28: 4053 | L28: 4665 | M28: 4782.4909 | N28: 5201.8 | O28: 5621.1091 | P28: 6040.4182 | Q28: 6459.7273
A29: Beijing | B29: 3.1 | C29: 3.1 | D29: 3.1 | E29: 3.2 | F29: 2.9 | G29: 3 | H29: 3 | I29: 3 | J29: 3 | K29: 3 | L29: 4 | M29: 3.3181818 | N29: 3.35 | O29: 3.3818182 | P29: 3.4136364 | Q29: 3.4454545
A30: Tianjin | B30: 0.1 | C30: 1.4 | D30: 4.7 | E30: 5.6 | F30: 5.8 | G30: 6 | H30: 6 | I30: 6 | J30: 8 | K30: 11 | L30: 12 | M30: 11.989091 | N30: 12.978182 | O30: 13.967273 | P30: 14.956364 | Q30: 15.945455
A31: Hebei | B31: 57 | C31: 89 | D31: 126.5 | E31: 155.3 | F31: 163.8 | G31: 168 | H31: 216 | I31: 263 | J31: 283 | K31: 318 | L31: 368 | M31: 375.67818 | N31: 404.84273 | O31: 434.00727 | P31: 463.17182 | Q31: 492.33636
A32: Inner Mongolia | B32: 174 | C32: 227 | D32: 284.4 | E32: 368.2 | F32: 386.2 | G32: 408 | H32: 464 | I32: 551 | J32: 632 | K32: 666 | L32: 726 | M32: 771.64727 | N32: 826.21273 | O32: 880.77818 | P32: 935.34364 | Q32: 989.90909
A33: Shanghai | B33: 2 | C33: 4 | D33: 6.3 | E33: 7.7 | F33: 7.4 | G33: 10 | H33: 14 | I33: 17 | J33: 18 | K33: 17 | L33: 19 | M33: 21.889091 | N33: 23.682727 | O33: 25.476364 | P33: 27.27 | Q33: 29.063636
A34: Jiangsu | B34: 23 | C34: 27 | D34: 37.2 | E34: 46.8 | F34: 56.7 | G34: 64 | H34: 98 | I34: 120 | J34: 173 | K34: 184 | L34: 229 | M34: 219.14182 | N34: 239.62455 | O34: 260.10727 | P34: 280.59 | Q34: 301.07273
A35: Zhejiang | B35: 5 | C35: 6 | D35: 7.8 | E35: 9.7 | F35: 12.9 | G35: 16 | H35: 23 | I35: 25 | J35: 31 | K35: 33 | L35: 36 | M35: 39.034545 | N35: 42.428182 | O35: 45.821818 | P35: 49.215455 | Q35: 52.609091
A36: Anhui | B36: 0 | C36: 2 | D36: 4.6 | E36: 8.6 | F36: 13 | G36: 21 | H36: 34 | I36: 41 | J36: 50 | K36: 47 | L36: 57 | M36: 62.763636 | N36: 69.009091 | O36: 75.254545 | P36: 81.5 | Q36: 87.745455
A37: Guangdong | B37: 10.2 | C37: 16 | D37: 24.3 | E37: 30.6 | F37: 33.9 | G37: 42 | H37: 50 | I37: 62 | J37: 63 | K37: 74 | L37: 103 | M37: 94.872727 | N37: 102.97273 | O37: 111.07273 | P37: 119.17273 | Q37: 127.27273
A38: Chongqing | B38: 0.5 | C38: 1 | D38: 0.8 | E38: 1.2 | F38: 1.8 | G38: 3 | H38: 5 | I38: 7 | J38: 8 | K38: 11 | L38: 14 | M38: 12.694545 | N38: 14.002727 | O38: 15.310909 | P38: 16.619091 | Q38: 17.927273
A39: Sichuan | C39: 0.2 | D39: 0.4 | E39: 0.8 | F39: 3.6 | G39: 10 | H39: 21 | I39: 35 | J39: 55 | K39: 71 | L39: 86 | M39: 83.053333 | N39: 93.008485 | O39: 102.96364 | P39: 112.91879 | Q39: 122.87394
A40: Guizhou | C40: 1 | D40: 4.9 | E40: 12 | F40: 18.5 | G40: 33 | H40: 55 | I40: 63 | J40: 68 | K40: 78 | L40: 97 | M40: 103.41333 | N40: 114.3903 | O40: 125.36727 | P40: 136.34424 | Q40: 147.32121
A41: Gansu | B41: 21 | C41: 71 | D41: 94 | E41: 119.2 | F41: 114.8 | G41: 127 | H41: 136 | I41: 188 | J41: 230 | K41: 228 | L41: 246 | M41: 269.71636 | N41: 290.80545 | O41: 311.89455 | P41: 332.98364 | Q41: 354.07273
A42: Ningxia | B42: 8 | C42: 13 | D42: 33.3 | E42: 60.7 | F42: 70.8 | G42: 88 | H42: 129 | I42: 155 | J42: 187 | K42: 186 | L42: 194 | M42: 229.34 | N42: 250.52091 | O42: 271.70182 | P42: 292.88273 | Q42: 314.06364
A43: Liaoning | B43: 47 | C43: 66 | D43: 78.8 | E43: 100.3 | F43: 104 | G43: 112 | H43: 129 | I43: 150 | J43: 165 | K43: 183 | L43: 194 | M43: 207.33636 | N43: 221.75455 | O43: 236.17273 | P43: 250.59091 | Q43: 265.00909
A44: Jilin | B44: 33 | C44: 40 | D44: 43.9 | E44: 57.9 | F44: 58 | G44: 60 | H44: 67 | I44: 87 | J44: 105 | K44: 115 | L44: 130 | M44: 128.91818 | N44: 138.33182 | O44: 147.74545 | P44: 157.15909 | Q44: 166.57273
A45: Heilongjiang | B45: 33 | C45: 44 | D45: 51.3 | E45: 69.2 | F45: 72 | G45: 72 | H45: 88 | I45: 108 | J45: 125 | K45: 140 | L45: 141 | M45: 153.33818 | N45: 164.59909 | O45: 175.86 | P45: 187.12091 | Q45: 198.38182
A46: China Energy Statistical Yearbook
A49: Table S18. Power generation in selected regions (Solar power)
A50: Unit: 100 million Kwh
A51: Region | B51: 2010 | C51: 2011 | D51: 2012 | E51: 2013 | F51: 2014 | G51: 2015 | H51: 2016 | I51: 2017 | J51: 2018 | K51: 2019 | L51: 2020 | M51: 2021 | N51: 2022 | O51: 2023 | P51: 2024 | Q51: 2025
A52: National | D52: 35.9 | E52: 84 | F52: 235 | G52: 395 | H52: 665 | I52: 1178 | J52: 1769 | K52: 2240 | L52: 2611 | M52: 2741.9389 | N52: 3085.5956 | O52: 3429.2522 | P52: 3772.9089 | Q52: 4116.5656
A53: Beijing | D53: 0 | E53: 0 | F53: 0.2 | G53: 0.4 | H53: 1 | I53: 2 | J53: 3 | K53: 5 | L53: 6 | M53: 5.8055556 | N53: 6.5755556 | O53: 7.3455556 | P53: 8.1155556 | Q53: 8.8855556
A54: Tianjin | D54: 0 | E54: 0.02 | F54: 0.31 | G54: 0.6 | H54: 3 | I54: 6 | J54: 8 | K54: 15 | L54: 19 | M54: 17.58 | N54: 19.942 | O54: 22.304 | P54: 24.666 | Q54: 27.028
A55: Hebei | E55: 1.1 | F55: 5.8 | G55: 16 | H55: 40 | I55: 77 | J55: 126 | K55: 176 | L55: 211 | M55: 225.575 | N55: 257.56667 | O55: 289.55833 | P55: 321.55 | Q55: 353.54167
A56: Inner Mongolia | D56: 1.7 | E56: 6.2 | F56: 24.7 | G56: 57 | H56: 83 | I56: 113 | J56: 130 | K56: 163 | L56: 188 | M56: 208.69444 | N56: 233.39778 | O56: 258.10111 | P56: 282.80444 | Q56: 307.50778
A57: Shanghai | D57: 0.1 | E57: 0.1 | F57: 0.8 | G57: 1 | H57: 1 | I57: 3 | J57: 6 | K57: 8 | L57: 10 | M57: 9.6416667 | N57: 10.903333 | O57: 12.165 | P57: 13.426667 | Q57: 14.688333
A58: Jiangsu | D58: 4.2 | E58: 6 | F58: 13.9 | G58: 31 | H58: 47 | I58: 81 | J58: 120 | K58: 154 | L58: 167 | M58: 182.46111 | N58: 205.08444 | O58: 227.70778 | P58: 250.33111 | Q58: 272.95444
A59: Zhejiang | D59: 0.1 | E59: 0.8 | F59: 2.6 | G59: 8 | H59: 22 | I59: 56 | J59: 100 | K59: 119 | L59: 131 | M59: 142.25 | N59: 160.93333 | O59: 179.61667 | P59: 198.3 | Q59: 216.98333
A60: Anhui | D60: 0.1 | E60: 0.3 | F60: 1 | G60: 4 | H60: 21 | I60: 62 | J60: 104 | K60: 125 | L60: 130 | M60: 146.18611 | N60: 165.48111 | O60: 184.77611 | P60: 204.07111 | Q60: 223.36611
A61: Guangdong | D61: 0.03 | E61: 0.07 | F61: 0.93 | G61: 4 | H61: 8 | I61: 20 | J61: 38 | K61: 53 | L61: 74 | M61: 67.404167 | N61: 76.484333 | O61: 85.5645 | P61: 94.644667 | Q61: 103.72483
A62: Chongqing | D62: 0 | E62: 0 | F62: 0 | G62: 0 | H62: 0.02 | I62: 0.2 | J62: 2 | K62: 3 | L62: 4 | M62: 3.4577778 | N62: 3.9444444 | O62: 4.4311111 | P62: 4.9177778 | Q62: 5.4044444
A63: Sichuan | D63: 0 | E63: 0.01 | F63: 0.5 | G63: 2 | H63: 11 | I63: 16 | J63: 22 | K63: 28 | L63: 27 | M63: 32.581944 | N63: 36.731444 | O63: 40.880944 | P63: 45.030444 | Q63: 49.179944
A64: Guizhou | E64: 0.9 | F64: 2.9 | G64: 0 | H64: 1 | I64: 6 | J64: 16 | K64: 20 | L64: 45 | M64: 35.432143 | N64: 40.755952 | O64: 46.079762 | P64: 51.403571 | Q64: 56.727381
A65: Gansu | D65: 3.1 | E65: 18.9 | F65: 40 | G65: 59 | H65: 60 | I65: 73 | J65: 95 | K65: 118 | L65: 133 | M65: 145.075 | N65: 160.75667 | O65: 176.43833 | P65: 192.12 | Q65: 207.80167
A66: Ningxia | D66: 7.8 | E66: 10.5 | F66: 25.9 | G66: 36 | H66: 55 | I66: 76 | J66: 97 | K66: 115 | L66: 136 | M66: 146.175 | N66: 162.98333 | O66: 179.79167 | P66: 196.6 | Q66: 213.40833
A67: Liaoning | D67: 0.0001 | E67: 0.16 | F67: 0.7 | G67: 1.4 | H67: 4 | I67: 12 | J67: 32 | K67: 42 | L67: 51 | M67: 49.477756 | N67: 56.189749 | O67: 62.901742 | P67: 69.613736 | Q67: 76.325729
A68: Jilin | D68: 0 | E68: 0.3 | F68: 0.49 | G68: 1 | H68: 3 | I68: 13 | J68: 24 | K68: 40 | L68: 45 | M68: 43.931111 | N68: 49.899778 | O68: 55.868444 | P68: 61.837111 | Q68: 67.805778
A69: Heilongjiang | D69: 0 | E69: 0 | F69: 0.2 | G69: 0.2 | H69: 1 | I69: 6 | J69: 20 | K69: 32 | L69: 43 | M69: 37.494444 | N69: 42.717778 | O69: 47.941111 | P69: 53.164444 | Q69: 58.387778
A70: China Energy Statistical Yearbook
A73: Table S19. Power generation in selected regions (Coal power)
A74: Unit: 100 million Kwh
A75: Region | B75: 2010 | C75: 2011 | D75: 2012 | E75: 2013 | F75: 2014 | G75: 2015 | H75: 2016 | I75: 2017 | J75: 2018 | K75: 2019 | L75: 2020 | M75: 2021 | N75: 2022 | O75: 2023 | P75: 2024 | Q75: 2025
A76: National | B76: 34166 | C76: 39003 | D76: 39255 | E76: 42216 | F76: 42274 | G76: 42307 | H76: 43273 | I76: 45558 | J76: 49249 | K76: 50465 | L76: 51770 | M76: 52950.527 | N76: 54509.918 | O76: 56069.309 | P76: 57628.7 | Q76: 59188.091
A77: Beijing | B77: 263 | C77: 258 | D77: 283 | E77: 329 | F77: 359 | G77: 412 | H77: 419 | I77: 377 | J77: 433 | K77: 443 | L77: 434 | M77: 484.6 | N77: 504.60909 | O77: 524.61818 | P77: 544.62727 | Q77: 564.63636
A78: Tianjin | B78: 556 | C78: 612 | D78: 582 | E78: 591 | F78: 605 | G78: 594 | H78: 591 | I78: 584 | J78: 654 | K78: 647 | L78: 668 | M78: 656.07273 | N78: 664.14545 | O78: 672.21818 | P78: 680.29091 | Q78: 688.36364
A79: Hebei | B79: 1998 | C79: 2151 | D79: 2178 | E79: 2275 | F79: 2200 | G79: 2106 | H79: 2196 | I79: 2296 | J79: 2361 | K79: 2377 | L79: 2352 | M79: 2404.2364 | N79: 2433.8818 | O79: 2463.5273 | P79: 2493.1727 | Q79: 2522.8182
A80: Inner Mongolia | B80: 2407 | C80: 2889 | D80: 3029 | E80: 3213 | F80: 3415 | G80: 3422 | H80: 3375 | I80: 3736 | J80: 4198 | K80: 4564 | L80: 4731 | M80: 4788.9818 | N80: 4996.5545 | O80: 5204.1273 | P80: 5411.7 | Q80: 5619.2727
A81: Shanghai | B81: 942 | C81: 1022 | D81: 967 | E81: 963 | F81: 800 | G81: 810 | H81: 818 | I81: 846 | J81: 833 | K81: 812 | L81: 835 | M81: 768.38182 | N81: 750.26364 | O81: 732.14545 | P81: 714.02727 | Q81: 695.90909
A82: Jiangsu | B82: 3305 | C82: 3731 | D82: 3943 | E82: 4174 | F82: 4098 | G82: 4152 | H82: 4438 | I82: 4481 | J82: 4462 | K82: 4364 | L82: 4290 | M82: 4674.4364 | N82: 4765.0545 | O82: 4855.6727 | P82: 4946.2909 | Q82: 5036.9091
A83: Zhejiang | B83: 2082 | C83: 2343 | D83: 2273 | E83: 2393 | F83: 2340 | G83: 2222 | H83: 2366 | I83: 2544 | J83: 2598 | K83: 2507 | L83: 2432 | M83: 2575.0364 | N83: 2608.7545 | O83: 2642.4727 | P83: 2676.1909 | Q83: 2709.9091
A84: Anhui | B84: 1426 | C84: 1624 | D84: 1767 | E84: 1933 | F84: 1972 | G84: 1989 | H84: 2135 | I84: 2311 | J84: 2519 | K84: 2657 | L84: 2531 | M84: 2778.4727 | N84: 2895.1273 | O84: 3011.7818 | P84: 3128.4364 | Q84: 3245.0909
A85: Guangdong | B85: 2535 | C85: 3046 | D85: 2848 | E85: 2955 | F85: 2933 | G85: 2854 | H85: 2850 | I85: 3165 | J85: 3283 | K85: 3222 | L85: 3425 | M85: 3381.2364 | N85: 3443.0182 | O85: 3504.8 | P85: 3566.5818 | Q85: 3628.3636
A86: Chongqing | B86: 331 | C86: 387 | D86: 336 | E86: 412 | F86: 431 | G86: 450 | H86: 431 | I86: 467 | J86: 547 | K86: 554 | L86: 538 | M86: 577.41818 | N86: 599.65455 | O86: 621.89091 | P86: 644.12727 | Q86: 666.36364
... A93: Heilongjiang | B93: 736 | C93: 775 | D93: 772 | E93: 746 | F93: 801 | G93: 804 | H93: 808 | I93: 816 | J93: 859 | K93: 887 | L93: 895 | M93: 899.05455 | N93: 914.06364 | O93: 929.07273 | P93: 944.08182 | Q93: 959.09091
A94: China Energy Statistical Yearbook
A97: Table S20. Power generation in selected regions (Nuclear power)
A98: Unit: 100 million Kwh
A99: Region | B99: 2010 | C99: 2011 | D99: 2012 | E99: 2013 | F99: 2014 | G99: 2015 | H99: 2016 | I99: 2017 | J99: 2018 | K99: 2019 | L99: 2020 | M99: 2021 | N99: 2022 | O99: 2023 | P99: 2024 | Q99: 2025
A100: National | B100: 747 | C100: 872 | D100: 983 | E100: 1115 | F100: 1332 | G100: 1714 | H100: 2132 | I100: 2481 | J100: 2950 | K100: 3481.31 | L100: 3662.43 | M100: 3830.7431 | N100: 4143.9012 | O100: 4457.0593 | P100: 4770.2174 | Q100: 5083.3755
A101: Beijing
A102: Tianjin
A103: Hebei
A104: Inner Mongolia
A105: Shanghai
A106: Jiangsu | B106: 157 | C106: 161 | D106: 162 | E106: 167 | F106: 168 | G106: 166 | H106: 173 | I106: 173 | J106: 242 | K106: 327 | L106: 485.15 | M106: 356.2 | N106: 379.48864 | O106: 402.77727 | P106: 426.06591 | Q106: 449.35455
A107: Zhejiang | B107: 286 | C107: 257 | D107: 346 | E107: 346 | F107: 354 | G107: 496 | H107: 504 | I107: 511 | J107: 578 | K107: 629 | L107: 732.74 | M107: 725.30545 | N107: 769.83 | O107: 814.35455 | P107: 858.87909 | Q107: 903.40364
A108: Anhui
A109: Guangdong | B109: 334 | C109: 425 | D109: 474 | E109: 464 | F109: 549 | G109: 606 | H109: 705 | I109: 800 | J109: 896 | K109: 1102 | L109: 1125.77 | M109: 1157.9345 | N109: 1237.5786 | O109: 1317.2227 | P109: 1396.8668 | Q109: 1476.5109
A110: Chongqing
A111: Sichuan
A112: Guizhou
A113: Gansu
A114: Ningxia
...

Sheet Method
A1: Part I | B1: CO2 emissions estimation
B2: (4) Total CO2 emissions of data center power consumption in China in year i.
C6: Total CO2 emissions of data center power consumption in China in year i.
C7: CO2 emissions of data center power consumption in region l in year i.
B10: (5) CO2 emissions of data center power consumption in region l in year i.
C14: CO2 emissions of data center power consumption in region l in year i.
C15: Electricity consumption of data centers in region l in year i.
C16: Average CO2 emission factor of power grid in region l in year i.
B19: (6) Average CO2 emission factor of power grid in region l in year i.
C23: Average CO2 emission factor of power grid in region l in year i.
C24: The share of energy type n of power grid of region l in year i.
C25: CO2 emission factor of energy type n in China.
B27: Note: In our analysis, we omit considerations for energy consumption variations associated with selecting different types of hard drives due to the absence of regulations in this initiative mandating the consolidation of identical data storage types on a single hard drive. Moreover, diverse hard drive types demonstrate differing power consumption levels across various operations, with average values exhibiting minimal distinctions.
A36: Part II | B36: Power cost estimation
B37: (1) Total power cost of data centers in China in year i.
C41: Total power cost of data centers in China in year i.
C42: Power cost of data centers in region l in year i.
B45: (2) Power cost of data centers in region l in year i.
C49: Power cost of data centers in region l in year i.
C50: Unit industry electricity tariff in region l.
C51: Electricity consumption of data centers in region l in year i.
B54: (3) Electricity consumption of data centers in region l in year i.
C58: Electricity consumption of data centers in region l in year i.
C59: Toal electricity consumption of data centers in China in year i.
C60: Proportion of data centers distributed in region l in year i (Electricity consumption of data centers in region l as a percentage of total national data center electricity consumption in year i).
A64: Part III | B64: Indirect value added contribution
C67: Value added vector.
C68: Value added coefficient, which refers to value added per unit of total output εj=Vj/Xj . In this model, we asssume that the coefficient is fixed.
C69: Leontief inverse.
C70: Final demand matrix. In our model, changes in elecricty costs RECl and investments in communication equipment, computers, and other electronic equipment sector IVl will induce changes in the final demand in region l.
C71: Economic investment in the data center industry (covered in communication equipment, computers, and other electronic equipment sector) in region l.
C72: Residential electricity costs in region l, which is equal to residential electricity consumption multiplied by the unit residential electricity tariff in region l.
B74: Zheng, H. et al. Chinese provincial multi-regional input-output database for 2012, 2015, and 2017. Sci. Data 8, 244 (2021).
